 Dungeon Crawl Stone Soup version 0.23.2-1-ga50397a (webtiles) character file.

Game seed: 1213893164874737185

66 Iscandelvey the Bolt Thrower (level 3, 0/27 HPs)
             Began as a Demonspawn Arcane Marksman on Apr 17, 2019.
             Slain by an orc
             ... wielding a +2 falchion of holy wrath
              (9 damage)
             ... on level 3 of the Dungeon.
             The game lasted 00:01:45 (1574 turns).

Iscandelvey the Bolt Thrower (DsAM)                 Turns: 1574, Time: 00:01:46

Health: 0/27       AC:  2    Str: 10    XL:     3   Next: 96%
Magic:  4/4        EV: 12    Int: 15    God:
Gold:   128        SH:  0    Dex: 13    Spells: 3/4 levels left

rFire    . . .     SeeInvis .   d - +0 long sword
rCold    . . .     Gourm    .   (no shield)
rNeg     . . .     Faith    .   e - +0 robe
rPois    .         Spirit   .   (no helmet)
rElec    .         Reflect  .   (no cloak)
rCorr    .         Harm     .   (no gloves)
MR       .....                  (no boots)
Stlth    +.........             (no amulet)
HPRegen  0.09/turn              (no ring)
MPRegen  0.09/turn              (no ring)

@: no status effects
A: talons 1, powered by pain 1
a: no special abilities


You were on level 3 of the Dungeon.
You were not hungry.

You visited 1 branch of the dungeon, and saw 3 of its levels.

You collected 128 gold pieces.

Inventory:

Hand Weapons
 a - a +0 hand crossbow
 d - a +0 long sword (weapon)
Armour
 e - a +0 robe (worn)
Jewellery
 k - an uncursed ring of see invisible {unknown}
Scrolls
 b - 2 scrolls of identify {unknown}
 c - 2 scrolls of remove curse {unknown}
 h - 2 scrolls of teleportation {unknown}
 o - a scroll of amnesia {unknown}
Potions
 g - a potion of might {unknown}
 i - 3 potions of mutation {unknown}
 j - 3 potions of heal wounds {unknown}
 l - a potion of haste {unknown}
 m - 2 potions of brilliance {unknown}
 n - a potion of curing {unknown}
 p - a potion of berserk rage {unknown}
Comestibles
 f - 3 rations


   Skills:
 + Level 1.8 Fighting
 + Level 3.3 Crossbows
 + Level 2.0 Dodging
 + Level 0.2 Stealth
 + Level 1.0 Spellcasting
 + Level 3.1 Hexes


You had 3 spell levels left.
You knew the following spells:

 Your Spells              Type           Power        Failure   Level  Hunger
a - Corona                Hex            ##.....      7%          1    ##.....

Your spell library contained the following spells:

 Spells                   Type           Power        Failure   Level  Hunger
 Slow                     Hex            ##......     11%         2    ###....
 Inner Flame              Hex/Fire       #.......     36%         3    ####...
 Portal Projectile        Hex/Tloc       #.....       36%         3    ####...
 Cause Fear               Hex            ##........   56%         4    #####..
 Leda's Liquefaction      Hex/Erth       #.........   78%         4    #####..


Dungeon Overview and Level Annotations

Branches:
Dungeon (3/15)

Altars:
Hepliaklqana


Innate Abilities, Weirdness & Mutations

You have sharp toenails.
You sometimes gain a little power by taking damage.


Message History

* * * LOW HITPOINT WARNING * * *
The orc wizard mumbles some strange words.
The orc wizard blinks!
The orc hits you but does no damage.
You hit the orc but do no damage. The orc barely misses you.
You riposte.
You hit the orc. You claw the orc.
The orc is heavily wounded.
The orc closely misses you.
The orc wizard casts a spell.
The orc wizard blinks!
You closely miss the orc.
The orc is lightly wounded.
The orc hits you but does no damage. The orc barely misses you.
You hit the orc.
The orc is moderately wounded.
The orc hits you but does no damage. The orc misses you.
The orc hits you but does no damage.
You hit the orc.
The orc is heavily wounded.
The orc hits you with a +2 falchion of holy wrath!
You die...

..........
#...... ####.#(#
#......# #.##.#.#
#o##.#.# #o##.#.#
#o##o#.# #@##.#o#
.##
####o##.#(#<....
#...<)....(.o....
#########(.......
####.(##. ...(
###(


You could see an orc wizard and 3 orcs.

Vanquished Creatures
  An ooze (D:2)
  3 worms (D:2)
  3 dart slugs
  2 orcs
  8 bats
  A giant cockroach (D:1)
  6 goblins
  4 hobgoblins
  4 jackals (D:1)
  A frilled lizard (D:2)
  6 kobolds
  5 rats
44 creatures vanquished.

Notes
Turn   | Place    | Note
-------+----------+-------------------------------------------
     0 | D:1      | Iscandelvey the Demonspawn Arcane Marksman began the quest
                  | for the Orb.
     0 | D:1      | Reached XP level 1. HP: 15/15 MP: 2/2
    49 | D:1      | Gained mutation: You sometimes gain a little power by
                  | taking damage. [demonic ancestry]
    49 | D:1      | Reached XP level 2. HP: 22/22 MP: 3/3
   589 | D:1      | Gained mutation: You have sharp toenails. [demonic
                  | ancestry]
   589 | D:1      | Reached XP level 3. HP: 27/27 MP: 4/4
  1360 | D:2      | Found a hazy altar of Hepliaklqana.
  1574 | D:3      | Slain by an orc

Skill      XL: |  1  2  3 |
---------------+----------+-----
Crossbows      | 2 3 |  3.3
Dodging        | 2 |  2.0
Fighting       | |  1.8
Stealth        | |  0.2
Spellcasting   | |  1.0
Hexes          | |  3.1

Action                   || total
-------------------------++-------
Melee: Long sword        ||     7
       Kick              ||     2
 Fire: Hand crossbow     ||   105
  Eat: Chunk             ||     2
Armor: Robe              ||     5
Dodge: Dodged            ||    31
       Rpst.: Long sword ||     2
